 Dungeon Crawl Stone Soup version 0.21.0-3-g78d12a8 (webtiles) character file.

22 talenramel the Firebug (level 2, -2/30 HPs)
             Began as a Draconian Fire Elementalist on Jan 13, 2018.
             Slain by a bullfrog (3 damage)
             ... on level 2 of the Dungeon.
             The game lasted 00:03:33 (779 turns).

talenramel the Firebug (Draconian Fire Elementalist) Turns: 779, Time: 00:03:34

Health: -2/30      AC: 21    Str: 10    XL:     2   Next: 68%
Magic:  1/5        EV:  2    Int: 15    God:
Gold:   62         SH:  0    Dex: 11    Spells: 2/5 levels left

rFire    . . .     SeeInvis .   j - +0 dagger
rCold    . . .     Gourm    .   (no shield)
rNeg     + + +     Faith    .   (armour unavailable)
rPois    +         Spirit   .   (helmet currently unavailable)
rElec    .         Reflect  .   (cloak currently unavailable)
rCorr    .         Harm     .   (gloves currently unavailable)
MR       .....     NoTele   +   (boots currently unavailable)
Stlth    ++........             (no amulet)
HPRegen  0.10/turn              (no ring)
MPRegen  0.09/turn              (no ring)

@: tree-form
A: unfitting armour, AC +4
a: no special abilities


You were on level 2 of the Dungeon.
You were not hungry.
You were a tree.
You visited 1 branch of the dungeon, and saw 2 of its levels.

You collected 62 gold pieces.

Inventory:

Hand Weapons
 j - a +0 dagger (weapon)
Armour
 i - a +0 cloak (melded)
Scrolls
 d - 3 scrolls of teleportation {unknown}
 e - a scroll of enchant weapon {unknown}
 g - 2 scrolls of enchant armour {unknown}
 h - a scroll of remove curse {unknown}
 k - a scroll of identify {unknown}
Potions
 f - a potion of lignification
 l - a potion of degeneration {unknown}
 m - a potion of agility {unknown}
Books
 a - a book of Flames

   Spells                             Type                      Level
   a - Flame Tongue                   Conjuration/Fire             1
   b - Throw Flame                    Conjuration/Fire             2
   c - Conjure Flame                  Conjuration/Fire             3
   d - Inner Flame                    Hexes/Fire                   3
   e - Sticky Flame                   Conjuration/Fire             4
   f - Fireball                       Conjuration/Fire             5
Comestibles
 b - 3 rations
 c - 3 chunks of flesh


   Skills:
 + Level 1.9 Dodging
 + Level 2.0 Stealth
 * Level 2.4 Spellcasting
 * Level 1.6 Conjurations
 + Level 3.1 Fire Magic


You had 2 spell levels left.
You knew the following spells:

 Your Spells              Type           Power        Failure   Level  Hunger
a - Flame Tongue          Conj/Fire      #....        8%          1    #......
b - Throw Flame           Conj/Fire      #.....       12%         2    ###....


Dungeon Overview and Level Annotations

Branches:
Dungeon (2/15)

Altars:


Innate Abilities, Weirdness & Mutations

((Your plain brown scales are hard. (AC +4)))
You cannot fit into any form of body armour.
((You are cold-blooded and may be slowed by cold attacks.))


Message History

The bullfrog completely misses you.
The bullfrog hits you but does no damage.
You closely miss the bullfrog.
The bullfrog is heavily wounded.
The bullfrog hits you but does no damage.
You hit the bullfrog.
The bullfrog is heavily wounded.
The bullfrog hits you but does no damage.
The kobold hits you but does no damage.
The bullfrog hits you but does no damage.
You hit the bullfrog.
The bullfrog is severely wounded.
The bullfrog hits you but does no damage.
The kobold hits you but does no damage.
You barely miss the bullfrog.
The bullfrog is severely wounded.
The bullfrog snags a nearby fly with its tongue.
The bullfrog hits you but does no damage.
The kobold hits you but does no damage. The bullfrog hits you.
You die...

#.. #.# ## #####
#####.##### #.. ...
>.......... #)# #.#
#.##.#)# #.####.###
#.##.#.#
#.#.K....####......#
#...F♣......)......#
#...##.#.##.#.####.#
#...##.#.##.#.# #.#
#..K##.#.##.#.####.#
#...##.#.##........###
#...##.#.##...####....
#.#.##.#.##...# #<###
....##.#.##...........
?....##..(.
..#####.###


You could see a bullfrog and a kobold.

Vanquished Creatures
  An ooze (D:1)
  A dart slug (D:1)
  2 giant cockroaches
  4 goblins (D:1)
  A hobgoblin (D:1)
  3 bats (D:1)
  A frilled lizard (D:1)
  2 kobolds
  A rat (D:1)
16 creatures vanquished.

Notes
Turn   | Place    | Note
-------+----------+-------------------------------------------
     0 | D:1      | talenramel the Draconian Fire Elementalist began the quest for the Orb.
     0 | D:1      | Reached XP level 1. HP: 14/14 MP: 3/3
    77 | D:1      | Reached XP level 2. HP: 11/20 MP: 3/5
   732 | D:2      | Learned a level 2 spell: Throw Flame
   760 | D:2      | Noticed a bullfrog
   769 | D:2      | HP: 1/20 [bullfrog (7)]
   779 | D:2      | Slain by a bullfrog

Skill      XL: |  1  2 |
---------------+-------+-----
Stealth        | 2 |  2.0
Dodging        | |  1.9
Spellcasting   | |  2.4
Conjurations   | |  1.6
Fire Magic     | |  3.1

Action                   || total
-------------------------++-------
Melee: Unarmed           ||    24
       Tailslap          ||     6
       Dagger            ||    15
 Cast: Flame Tongue      ||    16
       Throw Flame       ||     3
  Use: Potion            ||     1
Armor: Skin              ||    18
Dodge: Dodged            ||    28
